 Dungeon Crawl Stone Soup version 0.30-a0-591-g3c58d2bc28 (webtiles) character file.

Game seed: 7905823319192899575

1584 drugrobin the Martial Artist (level 8, -24/62 HPs)
             Began as a Demigod Delver on Jan 6, 2023.
             Annihilated by an ogre
             ... wielding a +0 giant club
              (31 damage)
             ... on level 6 of the Dungeon.
             The game lasted 00:14:58 (6619 turns).

drugrobin the Martial Artist (Demigod Delver)       Turns: 6619, Time: 00:14:58

Health: -24/62     AC:  6    Str: 17    XL:     8   Next: 34%
Magic:  8/10       EV: 10    Int: 12    God:
Gold:   61         SH:  4    Dex: 22    Spells: 2/7 levels left

rFire   . . .      SeeInvis .      - Unarmed
rCold   + . .      Faith    +    A - +0 buckler
rNeg    . . .      Spirit   .    G - +0 scale mail {rC+}
rPois   .          Reflect  .    (no helmet)
rElec   .          Harm     .    (no cloak)
rCorr   +          Rampage  .    (no gloves)
Will    .....                    (no boots)
Stlth   +++                      d - amulet "Miucwig" {Faith Regen+ rCorr Dex+3 Stlth+}
HPRegen 1.10/turn                (no ring)
MPRegen 0.12/turn                (no ring)

@: very slightly contaminated
A: high MP 1, forlorn, divine attributes
a: no special abilities


You were on level 6 of the Dungeon.
You visited 1 branch of the dungeon, and saw 6 of its levels.
You also visited: Sewer.

You collected 421 gold pieces.
You spent 360 gold pieces at shops.

Inventory:

Hand Weapons
 a - a +0 hand axe of flaming
 l - a +2 hand axe of electrocution
Missiles
 q - 2 poisoned darts (quivered)
 s - 4 javelins
Armour
 A - a +0 buckler (worn)
 G - a +0 scale mail of cold resistance (worn)
Jewellery
 d - the amulet "Miucwig" (around neck) {Faith Regen+ rCorr Dex+3 Stlth+}
   (You found it on level 4 of the Dungeon)

   [amulet of faith]

   It allows you to gain divine favour quickly.
   Dex:       It affects your dexterity (+3).
   Regen:     It increases your rate of health regeneration.
   rCorr:     It protects you from acid and corrosion.
   Stlth:     It makes you more stealthy.
Wands
 f - a wand of digging (3)
 g - a wand of charming (5)
 h - a wand of quicksilver (1)
 j - a wand of polymorph (12)
 t - a wand of iceblast (5)
Scrolls
 b - 2 scrolls of fog
 c - 2 scrolls of magic mapping
 n - 2 scrolls of amnesia {unknown}
 o - 3 scrolls of identify {unknown}
 p - 2 scrolls of blinking {unknown}
 r - 2 scrolls of immolation {unknown}
 u - 3 scrolls of teleportation {unknown}
 w - 3 scrolls of enchant weapon {unknown}
 x - 2 scrolls of noise {unknown}
 z - 2 scrolls of enchant armour {unknown}
 B - a scroll of acquirement {unknown}
 C - 2 scrolls of vulnerability {unknown}
 F - a scroll of torment {unknown}
Potions
 e - 4 potions of haste
 i - 2 potions of cancellation {unknown}
 k - 2 potions of heal wounds
 m - 2 potions of mutation {unknown}
 v - 3 potions of might
 D - 2 potions of ambrosia
 E - a potion of curing
 H - a potion of attraction {unknown}
 I - a potion of flight {unknown}
 J - a potion of degeneration
 K - a potion of invisibility


   Skills:
 - Level 2.6 Fighting
 - Level 1.7 Dodging
 - Level 4.5 Stealth
 + Level 9.9 Unarmed Combat
 + Level 2.1 Transmutations


You had 2 spell levels left.
You knew the following spells:

 Your Spells              Type           Power      Damage    Failure   Level
a - Beastly Appendage     Tmut           10%        N/A       56%         1
b - Blink                 Tloc           0%         N/A       94%         2
c - Wereblood             Tmut           5%         N/A       71%         2

Your spell library contained the following spells:

 Spells                   Type           Power      Damage    Failure   Level
 Summon Small Mammal      Summ           0%         N/A       86%         1
 Momentum Strike          Conj/Tloc      0%         3d8       94%         2
 Spider Form              Tmut/Pois      2%         N/A       97%         3
 Ignite Poison            Fire/Tmut/Pois 1%         N/A       98%         3
 Call Canine Familiar     Summ           0%         N/A       99%         3
 Kindle Blastsparks       Fire/Tloc/Air  0%         2d10      99%         3
 Lesser Beckoning         Tloc           0%         N/A       99%         3
 Summon Guardian Golem    Hex/Summ       0%         N/A       99%         3
 Freezing Cloud           Conj/Ice/Air   0%         6-21      100%        5


Dungeon Overview and Level Annotations

Branches:
Dungeon (6/15)             Temple (0/1) D:5           Sewer (visited)

Shops:
D:1 (   D:4 (   D:6 !

Annotations:
D:5 2 transporters, flotson's ghost, weakling DsDe


Innate Abilities, Weirdness & Mutations

You have an increased reservoir of magic. (+10% MP)
You shall have no god before yourself.
Your divine heritage dramatically boosts your attributes as you level up.


Message History

a +0 ring mail; a +0 flail
Things that are here:
a +0 mace; a +0 robe; a +0 dagger
Things that are here:
a +0 whip; a +0 hand axe Key pressed, stopping explore.
You see here a +0 whip.
An ogre is nearby!
Unknown command.
Unknown command.
Unknown command.
Casting: Beastly Appendage (safe; 56% risk of failure)
Confirm with . or Enter, or press ? or * to list all spells.
You miscast Beastly Appendage.
You are very lightly contaminated with residual magic.
Nothing appears to happen.
Casting: Beastly Appendage (safe; 56% risk of failure)
Confirm with . or Enter, or press ? or * to list all spells.
You miscast Beastly Appendage.
Nothing appears to happen.
You hit the ogre.
The ogre is lightly wounded.
You hit the ogre.
The ogre is lightly wounded.
The ogre hits you with a +0 giant club!!
You hit the ogre but do no damage.
The ogre is lightly wounded.
The ogre hits you with a +0 giant club!!
Ouch! That really hurt!
* * * LOW HITPOINT WARNING * * *
You punch the ogre!
The ogre is heavily wounded.
Unknown command.
Unknown command.
Aiming: Quicksilver Bolt
Press: ? - help, Shift-Dir - straight line, f - ogre
Aim: an ogre, wielding a +0 giant club (heavily wounded, 86% to hit)
The bolt of dispelling energy misses the ogre.
The ogre hits you with a +0 giant club!!
Ouch! That really hurt!
You die...

#...# ##.#####'###.### ##...#
#..###.....##..) ##....##
#..##.......##.# ########......##
#..##.......##.. .).........#...#
##..'..._...'...
.........#####.####..#.......####
.######.(## ##..##.##.......#
.####.....# ##.....##.†...##
.....###### #@O....###'### ).####
#>#..###..#.# #.# ####.# ###.##
### ### ###


You could see an ogre.

Vanquished Creatures
  Pargi (Sewer)
  A black bear (D:3)
  2 centaurs (D:6)
  A phantom (D:6)
  A gnoll sergeant (D:5)
  4 scorpions
  A necrophage (D:5)
  4 hounds
  3 orc priests
  An iron imp (D:6)
  3 iguanas
  8 orc wizards
  Natasha (thrice) (D:2)
  3 gnolls (D:5)
  5 adders
  2 white imps
  2 ufetubi
  3 worms
  3 dart slugs
  24 orcs
  6 bats
  6 endoplasms
  5 goblins
  8 hobgoblins
  6 jackals
  4 quokkas
  9 ball pythons
  3 frilled lizards
  9 kobolds
  6 rats
137 creatures vanquished.

Vanquished Creatures (collateral kills)
  2 orcs (D:6)
2 creatures vanquished.

Vanquished Creatures (others)
  5 fungi (D:3)
  4 toadstools (D:3)
9 creatures vanquished.

Grand Total: 148 creatures vanquished

Notes
Turn   | Place    | Note
-------+----------+-------------------------------------------
     0 | D:5      | drugrobin the Demigod Delver began the quest for the Orb.
     0 | D:5      | Reached XP level 1. HP: 18/18 MP: 3/3
     0 | D:5      | Noticed a jelly
    14 | D:5      | Noticed an iguana
    18 | D:5      | Found a transporter.
    30 | D:5      | Noticed flotson's ghost (weakling DsDe)
    31 | D:5      | Noticed a hornet
    33 | D:5      | Found a transporter.
    36 | D:5      | Noticed a hound
    55 | D:5      | Killed a hound
    56 | D:5      | Reached skill level 3 in Unarmed Combat
    56 | D:5      | Reached XP level 2. HP: 9/25 MP: 4/4
   171 | D:4      | Reached XP level 3. HP: 30/30 MP: 5/5
   185 | D:4      | Found Lorhoeg's Antique Weapon Shoppe.
   475 | D:3      | Found a glowing drain.
   530 | D:3      | Learned a level 1 spell: Beastly Appendage
   533 | Sewer    | Entered a sewer
   653 | Sewer    | Noticed Pargi
   673 | Sewer    | Killed Pargi
   674 | Sewer    | Reached skill level 4 in Unarmed Combat
   674 | Sewer    | Reached XP level 4. HP: 15/37 MP: 6/6
   769 | Sewer    | Reached skill level 5 in Unarmed Combat
   769 | Sewer    | Reached XP level 5. HP: 36/42 MP: 7/7
   956 | D:3      | Learned a level 2 spell: Blink
  1370 | D:1      | Found Miawkiyna's Weapon Shop.
  2491 | D:2      | Noticed Natasha
  2503 | D:2      | Killed Natasha
  2816 | D:2      | Noticed Natasha
  2827 | D:2      | Killed Natasha
  3039 | D:2      | Noticed Natasha
  3052 | D:2      | Killed Natasha
  3053 | D:2      | Reached skill level 6 in Unarmed Combat
  3661 | D:4      | Noticed a black bear
  3664 | D:4      | Reached XP level 6. HP: 47/50 MP: 8/8
  4072 | D:4      | Identified the amulet "Miucwig" {Faith Regen+ rCorr Dex+3
                  | Stlth+}
  4738 | D:5      | Reached skill level 7 in Unarmed Combat
  4816 | D:5      | Reached XP level 7. HP: 52/56 MP: 9/9
  4975 | D:5      | Found a staircase to the Ecumenical Temple.
  5045 | D:5      | Reached skill level 8 in Unarmed Combat
  5501 | D:6      | Found Orphoekupa's Distillery.
  5816 | D:6      | Reached skill level 9 in Unarmed Combat
  5913 | D:6      | Reached XP level 8. HP: 29/62 MP: 10/10
  5984 | D:6      | Learned a level 2 spell: Wereblood
  6019 | D:6      | Reached skill level 1 in Transmutations
  6223 | D:6      | Bought a potion of ambrosia for 96 gold pieces
  6223 | D:6      | Bought a potion of heal wounds for 60 gold pieces
  6223 | D:6      | Bought a potion of degeneration for 12 gold pieces
  6223 | D:6      | Bought a potion of invisibility for 96 gold pieces
  6223 | D:6      | Bought 2 potions of might for 96 gold pieces
  6619 | D:6      | Annihilated by an ogre

Illustrated notes

Levels and vault maps discovered:
D:1:      onia_arrival_pentagram, layout_basic, serial_shops,
          nicolae_shop_bloodbath_and_beyond, columned_hall_lemuel
D:2:      layout_loops_ring, amcnicky_mini_corridor_feature,
          minmay_split_cup_large, uniq_natasha
D:3:      layout_basic, cheibrodos_sewer_entry_sluice,
          hangedman_abyss_or_decor_stabs, corexii_hall_statues_u,
          minmay_gold_behind_fungi
D:4:      layout_basic, yredelemnul_altar_generic, marbit_many_paths,
          serial_shops, shop
D:5:      layout_basic, minmay_temple_entry_ruins, gammafunk_ghost_arena
D:6:      layout_layer_cave, kennysheep_mini, slow_altar_1,
          nicolae_vehumet_altar_sigil, serial_shops, shop,
          amcnicky_mini_rare_corridor_liquid,
          minmay_a_box_with_orc_wizards_in_it

Skill      XL: |  1  2  3  4  5  6  7  8 |
---------------+-------------------------+-----
Unarmed Combat | 3 4 5 6 7 9 |  9.9
Transmutations | 2 |  2.1
Fighting       | |  2.6
Dodging        | |  1.7
Stealth        | |  4.5

Action                   |  1- 3 |  4- 6 |  7- 9 || total
-------------------------+-------+-------+-------++-------
Melee: Unarmed           |    66 |   271 |   214 ||   551
       Hand axe          |    13 |       |     8 ||    21
       Headbutt          |     1 |     6 |     1 ||     8
       Kick              |       |     9 |     3 ||    12
       Punch             |       |     2 |       ||     2
Throw: Dart              |       |     1 |    10 ||    11
       Javelin           |       |       |     4 ||     4
 Cast: Beastly Appendage |     2 |     6 |     2 ||    10
Evoke: Wand              |     7 |     3 |     4 ||    14
  Use: Scroll            |       |     1 |       ||     1
       Potion            |       |       |     2 ||     2
 Stab: Sleeping          |     3 |    12 |       ||    15
Armor: Leather armour    |    11 |    55 |       ||    66
       Plate armour      |    38 |     8 |       ||    46
       Scale mail        |       |    18 |   111 ||   129
Dodge: Dodged            |    50 |   146 |    94 ||   290
Block: Buckler           |       |    40 |    35 ||    75

Table legend: (Time is in decaauts)
 A = Elapsed time spent in this place.
 B = Non-inter-level travel time spent in this place.
 C = Inter-level travel time spent in this place.
 D = Time resting spent in this place.
 E = Time spent auto-exploring this place.
 F = Levels seen in this place.
 G = Mean time per level.
                   A        B        C        D        E       F      G
               +--------+--------+--------+--------+--------+-----+--------+
         Total |   6572 |   6169 |    403 |    561 |   3821 |   7 |  938.9 |
       Dungeon |   6273 |   5870 |    403 |    561 |   3651 |   6 | 1045.5 |
         Sewer |    299 |    299 |      0 |      0 |    170 |   1 |  299.0 |
               +--------+--------+--------+--------+--------+-----+--------+

Top non-repeatable levels by time:
     D:3: 1317 daAuts
     D:6: 1087 daAuts
     D:4: 1058 daAuts
     D:2: 964 daAuts
     D:5: 936 daAuts
     D:1: 909 daAuts
   Sewer: 299 daAuts
